 Dungeon Crawl Stone Soup version 0.23.2-1-ga50397a (webtiles) character file.

Game seed: 9919882026186370556

11886 erloom the Grappler (level 11, -7/102 HPs)
             Began as a Ghoul Gladiator on Apr 14, 2019.
             Was a Priest of Makhleb.
             Mangled by a catoblepas (12 damage)
             ... while petrified by you
             ... on level 10 of the Dungeon.
             The game lasted 00:31:32 (8835 turns).

erloom the Grappler (Ghoul Gladiator)               Turns: 8835, Time: 00:31:33

Health: -7/102     AC: 10    Str: 20    XL:     11   Next: 84%
Magic:  0/14       EV:  2    Int:  5    God:    Makhleb [***...]
Gold:   731        SH:  0    Dex: 10    Spells: 10/10 levels left

rFire    . . .     SeeInvis .     - Unarmed
rCold    + + .     Gourm    .   (no shield)
rNeg     + + +     Faith    .   E - +3 ring mail {MR+}
rPois    ∞         Spirit   +   b - +0 helmet
rElec    .         Reflect  .   s - scarf {Spirit}
rCorr    .         Harm     .   A - +0 pair of gloves
MR       +....                  (no boots)
Stlth    ..........             (no amulet)
HPRegen  0.00/turn              k - ring of protection from cold
MPRegen  0.14/turn              (no ring)

@: petrified, rotting
A: rotting body, claws 1, carnivore, cold resistance 1, negative energy
resistance 3, inhibited regeneration, torment resistance, unbreathing
a: Minor Destruction, Lesser Servant of Makhleb, Renounce Religion


You were on level 10 of the Dungeon.
You worshipped Makhleb.
Makhleb was most pleased with you.
You were not hungry.

You visited 1 branch of the dungeon, and saw 10 of its levels.

You collected 731 gold pieces.

Inventory:

Hand Weapons
 a - a +4 hunting sling of velocity
 w - a cursed -1 war axe
Missiles
 c - 6 throwing nets (quivered)
 C - 37 sling bullets
 D - 125 stones
 I - 64 bolts
Armour
 b - a +0 helmet (worn)
 r - a +1 scale mail of fire resistance
 s - a scarf of spirit shield (worn)
 A - a +0 pair of gloves (worn)
 E - a +3 ring mail of magic resistance (worn)
 G - a cursed +0 pair of gloves
Jewellery
 k - a ring of protection from cold (left hand)
Wands
 m - a wand of flame (47)
 x - a wand of disintegration (3)
 F - a wand of iceblast (7)
 K - a wand of enslavement (14)
Scrolls
 e - 2 scrolls of enchant weapon
 f - 2 scrolls of fog {unknown}
 h - 4 scrolls of identify
 j - 5 scrolls of teleportation
 l - a scroll of amnesia
 p - a scroll of blinking {unknown}
 q - 7 scrolls of remove curse
 t - 3 scrolls of random uselessness
 y - 3 scrolls of enchant armour
Potions
 g - 3 potions of cancellation
 i - 2 potions of mutation
 n - 6 potions of curing
 o - 3 potions of lignification {unknown}
 u - a potion of haste {unknown}
 v - a potion of heal wounds
 z - 2 potions of flight {unknown}
 B - a potion of resistance {unknown}
 H - 3 potions of degeneration {unknown}
 J - a potion of brilliance {unknown}
Comestibles
 d - 22 rations
 L - 10 chunks of flesh


   Skills:
 + Level 11.5 Fighting
 + Level 2.1(2.4) Slings
 - Level 1.7(2.2) Throwing
 - Level 2.2 Armour
 + Level 5.4 Dodging
 * Level 13.9 Unarmed Combat
 + Level 5.4 Invocations


You had 10 spell levels left.
You didn't know any spells.
Your spell library was empty.

Dungeon Overview and Level Annotations

Branches:
Dungeon (10/15)            Temple (0/1) D:6            Lair (0/6) D:10
    Orc (0/2) D:9

Altars:
Cheibriados
Fedhas
Hepliaklqana
Kikubaaqudgha
Makhleb
Qazlal
Sif Muna
Trog
Uskayaw
Yredelemnul
Zin
The Shining One

Shops:
D:5 %   D:7 (


Innate Abilities, Weirdness & Mutations

Your body is rotting away.
You thrive on raw meat.
You are immune to poison.
You have sharp fingernails.
You are carnivorous and can eat meat at any time.
Your flesh is cold resistant. (rC+)
You are immune to negative energy. (rN+++)
You do not regenerate when monsters are visible.
You are immune to unholy pain and torment.
You can survive without breathing.


Message History

The catoblepas gores you but does no damage.
You are engulfed in calcifying dust.
The catoblepas gores you!!
* * * LOW HITPOINT WARNING * * *
The catoblepas gores you but does no damage.
The catoblepas gores you!!
* * * LOW HITPOINT WARNING * * *
The catoblepas gores you.
* * * LOW HITPOINT WARNING * * *
The catoblepas breathes a plume of calcifying dust at you.
The blast of calcifying dust hits you.
You are engulfed in calcifying dust.
The catoblepas stomps with a crash on the ground.
The catoblepas gores you!!
* * * LOW HITPOINT WARNING * * *
You are engulfed in calcifying dust.
Your orange demon is no longer petrified.
Your orange demon stings the catoblepas but does no damage.
Your orange demon completely misses the catoblepas.
The catoblepas gores you!!
You die...

... ... #....#
##'##########....#
#...#(.)#...#....#
#.Y.#...#...#.####
#... =.|#...#.#
##'###'###)##.#
#..)#)..#...#.#
#..)Y4..'...#.#
#...#@..#...#.#
##########'##.#
#....# ######


You could see a catoblepas and a friendly orange demon.

Vanquished Creatures
  Harold (D:8)
  2 two-headed ogres (D:9)
  Pikel (D:4)
  Maurice (D:8)
  Joseph (D:8)
  A troll (D:9)
  A meliai (D:10)
  4 hippogriffs
  6 yaks
  2 wyverns
  Menkaure (D:6)
  A water moccasin (D:5)
  2 slaves
  2 orc warriors
  2 phantoms
  4 necrophages
  A sky beast (D:5)
  A black bear (D:7)
  6 ice beasts
  5 centaurs
  5 ogres
  2 crocodiles (D:10)
  3 big kobolds
  4 bullfrogs
  4 killer bees (D:10)
  3 wights (D:8)
  A crimson imp (D:4)
  A centaur zombie (D:8)
  2 bullfrog zombies
  5 hounds
  3 jellies
  5 orc wizards
  5 iguanas
  A centaur skeleton (D:5)
  Ijyb (D:4)
  5 worker ants
  3 killer bee zombies
  A hound skeleton (D:10)
  2 worker ant zombies
  Robin (D:2)
  7 gnolls (D:8)
  9 adders
  4 shadow imps
  2 oozes
  An adder zombie (D:6)
  2 worms
  4 dart slugs
  2 leopard geckos
  23 orcs
  3 giant cockroaches
  17 goblins
  9 hobgoblins
  32 jackals
  19 kobolds
  5 quokkas
  A ball python (D:3)
  9 bats
  4 frilled lizards
  A leopard gecko skeleton (D:6)
  A leopard gecko zombie (D:8)
  2 quokka skeletons
  2 quokka zombies (D:5)
  13 rats
  A bush (D:8)
  A plant (D:8)
276 creatures vanquished.

Vanquished Creatures (collateral kills)
  An ettin (D:10)
  A death knight (D:10)
  A freezing wraith (D:10)
  A centaur zombie (D:10)
4 creatures vanquished.

Vanquished Creatures (others)
  An unseen horror (D:8)
  3 plants (D:8)
4 creatures vanquished.

Grand Total: 284 creatures vanquished

Notes
Turn   | Place    | Note
-------+----------+-------------------------------------------
     0 | D:1      | erloom the Ghoul Gladiator began the quest for the Orb.
     0 | D:1      | Reached XP level 1. HP: 17/17 MP: 0/0
    88 | D:1      | Reached XP level 2. HP: 24/24 MP: 1/1
   108 | D:1      | Reached skill level 4 in Unarmed Combat
   230 | D:1      | Reached XP level 3. HP: 26/29 MP: 2/2
   735 | D:2      | Reached skill level 5 in Unarmed Combat
   882 | D:2      | Reached XP level 4. HP: 36/36 MP: 3/3
  1203 | D:2      | Noticed Robin
  1223 | D:2      | Killed Robin
  1651 | D:3      | Reached skill level 6 in Unarmed Combat
  1744 | D:3      | Reached XP level 5. HP: 40/41 MP: 4/4
  1997 | D:3      | Found a bloodstained altar of Trog.
  2075 | D:3      | Found a bloodstained altar of Trog.
  2318 | D:4      | Reached skill level 7 in Unarmed Combat
  2318 | D:4      | Reached XP level 6. HP: 48/48 MP: 5/5
  2338 | D:4      | Noticed a slave
  2338 | D:4      | Noticed a slave
  2338 | D:4      | Noticed a slave
  2338 | D:4      | Noticed Pikel
  2350 | D:4      | Noticed a slave
  2372 | D:4      | Killed a slave
  2459 | D:3      | Killed a slave
  2769 | D:4      | Reached skill level 8 in Unarmed Combat
  2944 | D:4      | Noticed Ijyb
  2968 | D:4      | Killed Ijyb
  3345 | D:4      | Killed Pikel
  3345 | D:4      | Reached skill level 10 in Unarmed Combat
  3345 | D:4      | Reached XP level 7. HP: 53/55 MP: 6/6
  3345 | D:4      | Reached XP level 8. HP: 59/61 MP: 7/7
  3412 | D:5      | Entered Level 5 of the Dungeon
  3526 | D:5      | Reached skill level 1 in Armour
  3632 | D:5      | Noticed an air elemental
  3633 | D:5      | Found a stormy altar of Qazlal.
  3634 | D:5      | Noticed a water elemental
  3773 | D:5      | Found Lusar's Food Boutique.
  3832 | D:5      | Found a burning altar of Makhleb.
  3843 | D:5      | Became a worshipper of Makhleb the Destroyer
  3996 | D:6      | Noticed Menkaure
  4028 | D:6      | Killed Menkaure
  4028 | D:6      | Reached skill level 5 in Fighting
  4198 | D:6      | You fall through a shaft for 2 floors!
  4198 | D:8      | Noticed Joseph
  4198 | D:8      | Noticed Maurice
  4206 | D:8      | Reached XP level 9. HP: 60/75 MP: 5/8
  4266 | D:7      | Found a basalt altar of Yredelemnul.
  4266 | D:7      | Found a hazy altar of Hepliaklqana.
  4269 | D:7      | Found a glowing silver altar of Zin.
  4411 | D:8      | Killed an unseen horror
  4426 | D:8      | Noticed Harold
  4549 | D:8      | Found a glowing golden altar of the Shining One.
  4591 | D:8      | Reached * piety under Makhleb
  5063 | D:8      | Killed Harold
  5063 | D:8      | Reached skill level 11 in Unarmed Combat
  5106 | D:8      | Killed Maurice
  5106 | D:8      | Reached skill level 10 in Fighting
  5106 | D:8      | Reached XP level 10. HP: 59/93 MP: 5/9
  5135 | D:8      | Killed Joseph
  5477 | D:8      | Reached skill level 12 in Unarmed Combat
  5541 | D:7      | Found Bohac's Antique Weapon Shoppe.
  5679 | D:7      | Found a snail-covered altar of Cheibriados.
  6013 | D:5      | Reached skill level 1 in Invocations
  6146 | D:6      | Found a staircase to the Ecumenical Temple.
  6521 | D:7      | Found a deep blue altar of Sif Muna.
  6834 | D:7      | Reached ** piety under Makhleb
  7316 | D:8      | Found a deep blue altar of Sif Muna.
  7316 | D:8      | Found a hide-covered altar of Uskayaw.
  7370 | D:8      | Found a blossoming altar of Fedhas.
  7678 | D:9      | Found an ancient bone altar of Kikubaaqudgha.
  7695 | D:9      | Reached XP level 11. HP: 90/101 MP: 9/12
  7704 | D:9      | Reached skill level 13 in Unarmed Combat
  7774 | D:9      | Noticed a two-headed ogre
  7783 | D:9      | Killed a two-headed ogre
  7823 | D:9      | Reached *** piety under Makhleb
  7846 | D:9      | Noticed a two-headed ogre
  7860 | D:9      | Killed a two-headed ogre
  8265 | D:9      | Found a staircase to the Orcish Mines.
  8406 | D:10     | Entered Level 10 of the Dungeon
  8486 | D:10     | Found a staircase to the Lair.
  8529 | D:10     | Reached skill level 5 in Dodging
  8561 | D:10     | Reached skill level 1 in Slings
  8694 | D:10     | Reached skill level 5 in Invocations
  8762 | D:10     | Noticed a death knight
  8779 | D:10     | Killed a death knight
  8801 | D:10     | Noticed an ettin
  8802 | D:10     | Found the +8 trident of the Octopus King {venom, rElec
                  | rPois MR+}
  8807 | D:10     | Killed an ettin
  8816 | D:10     | Noticed a catoblepas
  8834 | D:10     | HP: 5/102 [catoblepas (9)]
  8835 | D:10     | Mangled by a catoblepas

Skill      XL: |  1  2  3  4  5  6  7  8  9 10 11 |
---------------+----------------------------------+-----
Unarmed Combat | 4 5 6 7 10 11 12 13 | 13.9
Armour         | 2 |  2.2
Fighting       | 6 10 11 | 11.5
Invocations    | 3 5 |  5.4
Dodging        | 4 5 |  5.4
Slings         | 2 |  2.1
Throwing       | |  1.7

Action                   |  1- 3 |  4- 6 |  7- 9 | 10-12 || total
-------------------------+-------+-------+-------+-------++-------
Melee: Unarmed           |    97 |   232 |   303 |   437 ||  1069
       Punch             |     2 |     4 |    11 |    40 ||    57
 Fire: Hunting sling     |       |       |       |     5 ||     5
Invok: Lesser Servant of |       |       |       |     2 ||     2
Evoke: Wand              |       |     3 |       |     7 ||    10
  Use: Scroll            |       |       |    14 |     2 ||    16
       Potion            |       |       |     1 |     1 ||     2
 Stab: Invisible         |       |       |     3 |       ||     3
  Eat: Chunk             |     6 |    24 |    24 |    37 ||    91
Armor: Leather armour    |    21 |       |       |       ||    21
       Ring mail         |     1 |    22 |       |   110 ||   133
       Scale mail        |       |    50 |    38 |       ||    88
       Plate armour      |       |       |   222 |       ||   222
Dodge: Dodged            |    61 |   102 |   138 |   201 ||   502
